 Dungeon Crawl Stone Soup version 0.25-a0-737-g26c3a87c45 (webtiles) character file.

Game seed: 498758561930366733, levelgen mode: classic

4 Amnesiac the Skirmisher (level 1, 0/18 HPs)
             Began as a Mummy Monk on Apr 11, 2020.
             Slain by a kobold
             ... wielding a +0 short sword
              (2 damage)
             ... on level 1 of the Dungeon.
             The game lasted 00:00:19 (148 turns).

Amnesiac the Skirmisher (Mummy Monk)                 Turns: 148, Time: 00:00:20

Health: 0/18       AC:  0    Str: 14    XL:     1   Next: 50%
Magic:  1/1        EV: 13    Int:  9    God:
Gold:   8          SH:  0    Dex: 14    Spells: 0/0 levels left

rFire    x . .     SeeInvis .     - Unarmed
rCold    + . .     Gourm    .   (no shield)
rNeg     + + +     Faith    .   (no armour)
rPois    ∞         Spirit   .   (no helmet)
rElec    .         Reflect  .   (no cloak)
rCorr    .         Harm     .   (no gloves)
MR       .....                  (no boots)
Stlth    ++........             (no amulet)
HPRegen  0.06/turn              (no ring)
MPRegen  0.07/turn              (no ring)

@: no status effects
A: no food or potions, fire vulnerability, cold resistance 1, negative energy
resistance 3, torment resistance, unbreathing
a: no special abilities


You were on level 1 of the Dungeon.
You were not hungry.

You visited 1 branch of the dungeon, and saw 1 of its levels.

You collected 8 gold pieces.

You aren't carrying anything.


   Skills:
 - Level 3.0 Fighting
 - Level 2.4 Dodging
 - Level 1.5 Stealth
 + Level 2.7 Unarmed Combat


You couldn't memorise any spells.
You didn't know any spells.
Your spell library was empty.

Dungeon Overview and Level Annotations

Branches:
Dungeon (1/15)

Altars:


Innate Abilities, Weirdness & Mutations

You do not eat or drink.
Your flesh is vulnerable to fire.
You are immune to poison.
Your flesh is cold resistant. (rC+)
You are immune to negative energy. (rN+++)
You are immune to unholy pain and torment.
You can survive without breathing.


Message History

You barely miss the goblin.
The goblin is moderately wounded.
The goblin misses you.
You punch the goblin!
You kill the goblin!
No target in view!
No target in view!
You now have 8 gold pieces.
You enter the shallow water.
Found a ration.
A rat comes into view.
A rat is nearby!
A rat is nearby!
You hit the rat.
You kill the rat!
No target in view!
No target in view!
A goblin comes into view.
The goblin moves out of view.
No target in view!
A kobold comes into view. It is wielding a +0 dagger.
The goblin shouts!
A goblin is nearby!
You hit the goblin.
You kill the goblin!
No target in view!
No target in view!
No target in view!
No target in view!
A hobgoblin comes into view. It is wielding a +0 club.
There are monsters nearby!
The kobold shouts!
A kobold is nearby!
A kobold is nearby!
A kobold is nearby!
You barely miss the kobold. The kobold hits you but does no damage.
You barely miss the kobold. The kobold misses you.
A kobold comes into view. It is wielding a +0 short sword.
You hit the kobold but do no damage. The kobold hits you but does no damage.
The kobold throws a stone.
The stone closely misses you.
You barely miss the kobold. The kobold barely misses you.
You miss the kobold. The kobold hits you with a +0 dagger.
You hit the kobold.
You kill the kobold!
The kobold hits you with a +0 short sword.
You miss the kobold. The kobold completely misses you.
You hit the kobold but do no damage.
The kobold hits you with a +0 short sword.
You closely miss the kobold.
The kobold hits you with a +0 short sword.
* * * LOW HITPOINT WARNING * * *
You hit the kobold but do no damage.
The kobold hits you with a +0 short sword.
* * * LOW HITPOINT WARNING * * *
You completely miss the kobold.
The kobold hits you with a +0 short sword.
* * * LOW HITPOINT WARNING * * *
You are too injured to fight recklessly!
You are too injured to fight recklessly!
You are too injured to fight recklessly!
You are too injured to fight recklessly!
You closely miss the kobold.
The kobold hits you with a +0 short sword.
You die...

#.#.#...##.# ...#.....
##########.#..#
#........#....###.
#..................
.####.................g
.......................
.......()..............
.#.......@K..######....
....#........#### ....
.##.............## ...
.....#........... .
..###..†...####........
. #####...######.....
###..##........
#.....###....
##...........


You could see a kobold.

Vanquished Creatures
  A kobold (D:1)
  2 goblins (D:1)
  A rat (D:1)
4 creatures vanquished.

Notes
Turn   | Place    | Note
-------+----------+-------------------------------------------
     0 | D:1      | Amnesiac the Mummy Monk began the quest for the Orb.
     0 | D:1      | Reached XP level 1. HP: 18/18 MP: 1/1
   148 | D:1      | Slain by a kobold

Levels and vault maps discovered:
D:1:      kilobyte_arrival_exit_the_forest, layout_rooms, st_stairs_3,
          serial_bayou_lagoon_a, minivault_11

Action                   || total
-------------------------++-------
Melee: Unarmed           ||    17
Dodge: Dodged            ||     6

Table legend:
 A = Non-vault XP
 B = Vault XP
 C = Vault XP percentage of total XP
 D = Non-vault monster count
 E = Vault monster count
 F = Vault count percentage of total count
                 A         B        C        D         E       F
            +---------+---------+-------+---------+---------+-------
      Total |       6 |       0 |   0.0 |       4 |       0 |   0.0
            +---------+---------+-------+---------+---------+-------
        D:1 |       6 |       0 |   0.0 |       4 |       0 |   0.0
            +---------+---------+-------+---------+---------+-------
